 Dungeon Crawl Stone Soup version 0.30-a0-1016-gfb0d676c02 (webtiles) character file.

Game seed: 11326608061602563749

64 porpoise the Shooter (level 4, 0/37 HPs)
             Began as a Barachi Hunter on Apr 7, 2023.
             Slain by a worm (2 damage)
             ... on level 3 of the Dungeon.
             The game lasted 00:05:09 (1817 turns).

porpoise the Shooter (Barachi Hunter)               Turns: 1817, Time: 00:05:09

Health: 0/37       AC:  3    Str: 12    XL:     4   Next: 12%
Magic:  4/4        EV: 12    Int: 10    God:
Gold:   121        SH:  0    Dex: 17    Spells: 3/3 levels left

rFire   + . .      SeeInvis .    a - +0 shortbow
rCold   . . .      Faith    .    (shield currently unavailable)
rNeg    . . .      Spirit   .    c - +0 leather armour
rPois   .          Reflect  .    (no helmet)
rElec   .          Rampage  .    (no cloak)
rCorr   .                        (no gloves)
Will    .....                    (no boots)
Stlth   ++                       (no amulet)
HPRegen 0.26/turn                j - ring of protection from fire
MPRegen 0.09/turn                (no ring)

@: slow
A: amphibious, slowness 1, strong legs 1, +LOS
a: Hop


You were on level 3 of the Dungeon.
You visited 1 branch of the dungeon, and saw 3 of its levels.

You collected 121 gold pieces.

Inventory:

Hand Weapons
 a - a +0 shortbow (weapon)
 b - a +1 spear of venom
Missiles
 e - 6 poisoned darts
Armour
 c - a +0 leather armour (worn)
Jewellery
 j - a ring of protection from fire (left hand)
 m - an amulet of guardian spirit
Scrolls
 d - a scroll of enchant weapon {unknown}
 f - 5 scrolls of identify
 g - a scroll of torment {unknown}
 h - a scroll of immolation
 k - a scroll of magic mapping {unknown}
 l - a scroll of blinking {unknown}
Potions
 i - a potion of berserk rage


   Skills:
 + Level 4.0 Fighting
 + Level 4.8 Ranged Weapons
 - Level 2.1 Dodging
 - Level 0.8 Stealth


You had 3 spell levels left.
You didn't know any spells.
Your spell library contained the following spells:

 Spells                   Type           Power      Damage    Failure   Level
 Necrotise                Necr           0%         1d4       43%         1
 Sting                    Tmut/Pois      0%         1d3       43%         1
 Tukima's Dance           Hex            0%         N/A       82%         3
 Vampiric Draining        Necr           0%         2d6       82%         3
 Passage of Golubria      Tloc           0%         N/A       99%         4
 Agony                    Necr           0%         N/A       100%        5
 Yara's Violent Unravell  Hex/Tmut       0%         3d3       100%        5


Dungeon Overview and Level Annotations

Branches:
Dungeon (3/15)

Altars:


Innate Abilities, Weirdness & Mutations

You are amphibious.
You cover ground slowly.
You can hop short distances.
You have an extended range of vision and can be seen from far away.


Message History

You shoot an arrow. The arrow hits the worm!
The worm is moderately wounded.
The orc wizard casts a spell at you.
You are confused.
The worm bites you!
You clumsily bash the worm but do no damage.
The worm is moderately wounded.
The orc wizard closely misses you. The worm bites you.
You're too confused to move!
The orc wizard hits you with a +0 dagger.
You're too confused to move!
The orc wizard hits you with a +0 dagger.
The worm misses you. The orc wizard barely misses you.
The orc wizard hits you with a +0 dagger.
You bump into the rock wall.
The worm bites you!
* * * LOW HITPOINT WARNING * * *
The orc wizard barely misses you.
You're too confused to move!
The worm closely misses you.
The orc wizard hits you with a +0 dagger.
* * * LOW HITPOINT WARNING * * *
You clumsily bash the orc wizard but do no damage.
You feel less confused.
The orc wizard hits you but does no damage.
The worm barely misses you.
You shoot an arrow. The arrow hits the orc wizard!
The orc wizard is heavily wounded.
The orc wizard misses you.
The orc wizard attacks as you move away!
The orc wizard hits you with a +0 dagger.
* * * LOW HITPOINT WARNING * * *
The orc wizard hits you with a +0 dagger.
* * * LOW HITPOINT WARNING * * *
The worm bites you.
* * * LOW HITPOINT WARNING * * *
The orc wizard mumbles some strange words.
The orc wizard flickers and vanishes!
Deactivating autopickup; reactivate with Ctrl-A.
The worm bites you.
You die...

#.###############.....
#.# #..... #.#####
#..... #.....# #..<..
#####.# #..... #.#
###.## #.# #.# #.# #.#
#####@########### #.#
#.....w.......... ...
#.###......)...<. #.#
#.###..###### #.# #.#
..# #.# ..# #.. ...
#.. ..## #.. ...


You could see a worm.

Vanquished Creatures
  An adder (D:3)
  A worm (D:2)
  4 dart slugs
  An orc (D:3)
  4 ball pythons
  5 bats
  2 endoplasms
  A giant cockroach (D:2)
  7 goblins
  2 hobgoblins (D:1)
  3 quokkas (D:1)
  2 frilled lizards
  2 kobolds
  6 rats
  A bush (D:2)
42 creatures vanquished.

Vanquished Creatures (others)
  2 fungi (D:2)
2 creatures vanquished.

Grand Total: 44 creatures vanquished

Notes
Turn   | Place    | Note
-------+----------+-------------------------------------------
     0 | D:1      | porpoise the Barachi Hunter began the quest for the Orb.
     0 | D:1      | Reached XP level 1. HP: 17/17 MP: 1/1
    50 | D:1      | Reached XP level 2. HP: 10/23 MP: 2/2
   415 | D:1      | Reached XP level 3. HP: 28/29 MP: 3/3
  1225 | D:2      | Found a faded altar of an unknown god.
  1228 | D:2      | Got Plato's Secrets of Poisoning
  1690 | D:3      | Reached XP level 4. HP: 23/37 MP: 4/4
  1816 | D:3      | HP: 1/37 [worm (3)]
  1817 | D:3      | Slain by a worm

Illustrated notes

Levels and vault maps discovered:
D:1:      tarquinn_simple_flora_water_a, layout_loops_ring, minmay_tetromino_t4
D:2:      layout_loops_ring, serial_forest, infiniplex_forest_clump_large,
          infiniplex_forest_join, infiniplex_forest_lined_ring,
          infiniplex_forest_clump_tiny, infiniplex_forest_side_room,
          infiniplex_forest_lined_room_2, infiniplex_forest_straight_1,
          infiniplex_forest_straight_2, shapermc_ecumenical_altar_rom_forum,
          minmay_crystal_room, minmay_curled_crystal
D:3:      layout_loops_ring

Skill      XL: |  1  2  3 |
---------------+----------+-----
Fighting       | 3 4 |  4.0
Ranged Weapons | |  4.8
Dodging        | |  2.1
Stealth        | |  0.8

Action                     |  1- 3 |  4- 6 || total
---------------------------+-------+-------++-------
  Melee: Spear             |    55 |       ||    55
         Punch             |     1 |       ||     1
         Shortbow          |       |     2 ||     2
   Fire: Shortbow          |    92 |     7 ||    99
    Use: Scroll            |     1 |       ||     1
   Stab: Sleeping          |     1 |       ||     1
 Armour: Leather armour    |     7 |     1 ||     8
  Dodge: Dodged            |    28 |    10 ||    38

Table legend: (Time is in decaauts)
 A = Elapsed time spent in this place.
 B = Non-inter-level travel time spent in this place.
 C = Inter-level travel time spent in this place.
 D = Time resting spent in this place.
 E = Time spent auto-exploring this place.
 F = Levels seen in this place.
 G = Mean time per level.
                   A        B        C        D        E       F      G
               +--------+--------+--------+--------+--------+-----+--------+
         Total |   2145 |   2005 |    140 |    131 |   1524 |   3 |  715.0 |
       Dungeon |   2145 |   2005 |    140 |    131 |   1524 |   3 |  715.0 |
               +--------+--------+--------+--------+--------+-----+--------+

Top non-repeatable levels by time:
     D:2: 1144 daAuts
     D:1: 856 daAuts
     D:3: 145 daAuts
